 Dungeon Crawl Stone Soup version 0.22.1-2-g9c5b331383 (webtiles) character file.

157 Forgol the Archer (level 5, -8/41 HPs)
             Began as a Centaur Hunter on Dec 20, 2018.
             Killed by nerve-wracking pain
             ... invoked by an orc priest
              (13 damage)
             ... on level 3 of the Dungeon.
             The game lasted 00:13:52 (3321 turns).

Forgol the Archer (Centaur Hunter)                  Turns: 3321, Time: 00:13:53

Health: -8/41      AC:  4    Str: 15    XL:     5   Next: 15%
Magic:  5/5        EV:  9    Int: 10    God:
Gold:   72         SH:  0    Dex: 10    Spells: 4/4 levels left

rFire    . . .     SeeInvis .   a - +1 shortbow
rCold    . . .     Gourm    .   (shield currently unavailable)
rNeg     . . .     Faith    .   c - +0 leather armour
rPois    .         Spirit   .   (no helmet)
rElec    .         Reflect  .   (no cloak)
rCorr    .         Harm     .   (no gloves)
MR       .....                  (no barding)
Stlth    +.........             (no amulet)
HPRegen  0.13/turn              (no ring)
MPRegen  0.09/turn              (no ring)

@: very quick
A: large, hooves 3, deformed body, speed 2, tough skin 3
a: no special abilities


You were on level 3 of the Dungeon.
You were hungry.

You visited 1 branch of the dungeon, and saw 3 of its levels.

You collected 72 gold pieces.

Inventory:

Hand Weapons
 a - a +1 shortbow (weapon)
 b - a +0 short sword
 h - a +0 spear
Missiles
 d - 10 arrows (quivered)
Armour
 c - a +0 leather armour (worn)
 q - a +0 leather armour
Scrolls
 e - a scroll of fog {unknown}
 k - 3 scrolls of identify
 n - 2 scrolls of magic mapping {unknown}
 o - a scroll of enchant weapon {unknown}
 p - a scroll of random uselessness {unknown}
 r - a scroll of amnesia {unknown}
Potions
 i - 2 potions of might
 j - a potion of resistance {unknown}
 l - a potion of haste {unknown}
 m - a potion of lignification {unknown}
 s - a potion of heal wounds {unknown}
Comestibles
 f - 2 rations
 g - a chunk of flesh


   Skills:
 - Level 2.0 Fighting
 * Level 8.6 Bows
 - Level 1.3 Dodging
 - Level 0.4 Stealth


You had 4 spell levels left.
You didn't know any spells.
Your spell library contained the following spells:

 Spells                   Type           Power        Failure   Level  Hunger
 Summon Small Mammal      Summ           #...         43%         1    ##.....
 Call Imp                 Summ           #.......     56%         2    ###....
 Call Canine Familiar     Summ           #.......     80%         3    ####...
 Summon Guardian Golem    Hex/Summ       #.......     80%         3    ####...
 Summon Ice Beast         Ice/Summ       #.......     99%         4    #####..
 Summon Lightning Spire   Summ/Air       #.......     99%         4    #####..


Dungeon Overview and Level Annotations

Branches:
Dungeon (3/15)

Altars:


Innate Abilities, Weirdness & Mutations

You have hooves in place of feet.
Armour fits poorly on your strangely shaped body.
You cover ground very quickly.
You have extremely tough skin. (AC +3)


Message History

You shoot an arrow.
The arrow closely misses the orc priest.
Firing (i - inventory)
d - 12 arrows (quivered)
Press: ? - help, Shift-Dir - straight line, f/p - orc priest
Aim: an orc priest, wielding a mace and wearing a scale mail You shoot an arrow.
The arrow hits the orc priest!
The orc priest is heavily wounded.
The orc priest hits you with a mace.
* * * LOW HITPOINT WARNING * * *
Firing (i - inventory)
d - 11 arrows (quivered)
Press: ? - help, Shift-Dir - straight line, f/p - orc priest
Aim: an orc priest, wielding a mace and wearing a scale mail (heavily wounded)
You shoot an arrow.
The arrow hits the orc priest but does no damage.
The orc priest is heavily wounded.
The orc priest hits you with a mace.
* * * LOW HITPOINT WARNING * * *
The orc priest calls down the wrath of Beogh upon you.
Pain shoots through your body!
You die...

######### #.......#
#....@..# ###)o...#
#.o...## #..(...####
#.###.(.....#
#......(###.##########
#.......(......(.....#
#.###...####o.........
# #.#### #..(...o.(..


You could see an orc priest and an orc.

Vanquished Creatures
  A crimson imp (D:3)
  A hound zombie (D:2)
  2 adders (D:3)
  2 worms (D:2)
  2 dart slugs (D:1)
  4 leopard geckos
  5 orcs (D:3)
  A ball python (D:1)
  4 bats
  3 giant cockroaches (D:1)
  5 goblins
  13 hobgoblins
  4 jackals (D:1)
  A quokka (D:2)
  3 frilled lizards (D:1)
  7 kobolds
  10 rats
68 creatures vanquished.

Notes
Turn   | Place    | Note
-------+----------+-------------------------------------------
     0 | D:1      | Forgol the Centaur Hunter began the quest for the Orb.
     0 | D:1      | Reached XP level 1. HP: 17/17 MP: 1/1
   237 | D:1      | Reached XP level 2. HP: 16/24 MP: 2/2
   239 | D:1      | Reached skill level 6 in Bows
   692 | D:1      | Reached XP level 3. HP: 22/29 MP: 3/3
  1221 | D:2      | Reached skill level 7 in Bows
  1695 | D:2      | Reached XP level 4. HP: 27/36 MP: 4/4
  2374 | D:3      | Reached skill level 8 in Bows
  2473 | D:3      | Reached XP level 5. HP: 28/41 MP: 5/5
  3279 | D:3      | Noticed an ice beast
  3321 | D:3      | Killed from afar by an orc priest

Skill      XL: |  1  2  3  4 |
---------------+-------------+-----
Bows           | 6 7 8 |  8.6
Fighting       | |  2.0
Dodging        | |  1.3
Stealth        | |  0.4

Action                   |  1- 3 |  4- 6 || total
-------------------------+-------+-------++-------
Melee: Short sword       |    15 |       ||    15
       Spear             |   145 |    98 ||   243
       Shortbow          |    11 |       ||    11
       Kick              |    24 |    14 ||    38
 Fire: Shortbow          |       |    11 ||    11
  Use: Scroll            |       |     1 ||     1
  Eat: Chunk             |     2 |     4 ||     6
Armor: Leather armour    |    68 |    22 ||    90
Dodge: Dodged            |    88 |    52 ||   140
